 Dungeon Crawl Stone Soup version 0.31-a0-675-g238779eb0a (webtiles) character file.

Game seed: 2888362223452187035

617 HoaS the Skirmisher (level 7, -1/53 HPs)
             Began as a Demigod Hunter on Sept 6, 2023.
             Slain by a steam dragon (3 damage)
             ... on level 6 of the Dungeon.
             The game lasted 00:11:06 (4416 turns).

HoaS the Skirmisher (Demigod Hunter)                Turns: 4416, Time: 00:11:07

Health: -1/53      AC:  6    Str: 12    XL:     7   Next: 1%
Magic:  0/9        EV: 12    Int: 11    God:
Gold:   366        SH:  0    Dex: 25    Spells: 6/6 levels left

rFire   . . .        a - +2 shortbow
rCold   . . .        (shield currently unavailable)
rNeg    . . .        c - +0 leather armour
rPois   .            (no helmet)
rElec   .            (no cloak)
rCorr   .            e - +0 pair of gloves
SInv    .            i - +1 pair of boots
Will    .....        g - amulet of guardian spirit
Stlth   ++           (no ring)
HPRegen 0.28/turn    (no ring)
MPRegen 0.11/turn

%: guardian spirit
@: no status effects
A: high MP 1, forlorn, divine attributes
a: no special abilities


You were on level 6 of the Dungeon.
You visited 1 branch of the dungeon, and saw 6 of its levels.

You collected 366 gold pieces.

Inventory:

Hand Weapons
 a - a +2 shortbow (weapon)
Armour
 c - a +0 leather armour (worn)
 e - a +0 pair of gloves (worn)
 i - a +1 pair of boots (worn)
Jewellery
 b - a ring of magical power
 g - an amulet of guardian spirit (around neck)
Wands
 m - a wand of flame (15)
Scrolls
 o - a scroll of identify
Potions
 d - 2 potions of curing
 f - 3 potions of enlightenment {unknown}
 h - a potion of magic {unknown}
 j - 2 potions of heal wounds {unknown}
 k - a potion of cancellation {unknown}
 l - 2 potions of mutation
 n - 2 potions of brilliance {unknown}


   Skills:
 - Level 1.7 Fighting
 + Level 8.1 Ranged Weapons
 - Level 1.7 Dodging
 - Level 0.8 Stealth


You had 6 spell levels left.
You didn't know any spells.
Your spell library contained the following spells:

 Spells                   Type           Power      Damage    Failure   Level
 Ensorcelled Hibernation  Hex/Ice        0%         N/A       56%         2
 Passwall                 Tmut/Erth      0%         N/A       56%         2
 Swiftness                Air            0%         N/A       80%         3
 Animate Armour           Summ/Erth      0%         N/A       99%         4
 Summon Lightning Spire   Summ/Air       0%         N/A       99%         4
 Lee's Rapid Deconstruct  Erth           0%         3d4*      100%        5


Dungeon Overview and Level Annotations

Branches:
Dungeon (6/15)             Temple (0/1) D:5

Shops:
D:6 *:

Annotations:
D:6 exclusion: 2 water moccasins


Innate Abilities, Weirdness & Mutations

You have an increased reservoir of magic. (+10% MP)
You shall have no god before yourself.
Your divine heritage dramatically boosts your attributes as you level up.


Message History

The steam dragon breathes steam at you. The ball of steam misses you.
You shoot an arrow. The arrow hits the steam dragon.
The steam dragon is lightly wounded.
You are engulfed in a cloud of scalding steam.
The steam dragon bites you.
The steam dragon claws you but does no damage.
You shoot an arrow.
The arrow closely misses the steam dragon.
You are engulfed in a cloud of scalding steam.
Something hits you. Something shocks you.
The steam dragon bites you but does no damage.
The steam dragon claws you but does no damage.
You shoot an arrow.
The arrow barely misses the steam dragon.
Something hits you but does no damage. The steam dragon bites you.
The steam dragon barely misses you.
You shoot an arrow.
The arrow barely misses the steam dragon.
Something hits you but does no damage.
The steam dragon bites you but does no damage.
The steam dragon claws you but does no damage.
You shoot an arrow. The arrow hits the steam dragon.
The steam dragon is moderately wounded.
Something hits you but does no damage. The steam dragon breathes steam at you.
The ball of steam misses you.
You shoot an arrow. The arrow hits the steam dragon.
The steam dragon is moderately wounded.
You are engulfed in a cloud of scalding steam.
The steam dragon breathes steam at you. The ball of steam hits you!
* * * LOW HITPOINT WARNING * * *
Something hits you but does no damage.
You shoot an arrow. The arrow hits the steam dragon!
The steam dragon is severely wounded.
You are engulfed in a cloud of scalding steam.
* * * LOW HITPOINT WARNING * * *
Something hits you but does no damage. The steam dragon bites you.
You die...

#.## #.# . #.# ..
#### ... ### #..
.... ..# #.#
.....##§## #.#
......§D{# #.#
#@####+# #.#
#§§....# #..
#§#.88.# #.#
#.#.88.# #.#
#.#....#########..
#.######..........
#######.#
#####.####.
#.......# #.# ##
#.####### #.# #


You could see a steam dragon (catching breath).

Vanquished Creatures
  An ice beast (D:6)
  An ogre (D:4)
  A centaur (D:5)
  A phantom (D:5)
  A bullfrog (D:6)
  A sleepcap (D:5)
  An orc wizard (D:4)
  4 adders
  3 gnolls (D:5)
  A shadow imp (D:5)
  3 ufetubi (D:5)
  2 worms
  4 dart slugs
  6 orcs
  4 ball pythons
  5 bats
  8 endoplasms
  2 giant cockroaches (D:2)
  8 goblins
  4 hobgoblins
  4 jackals (D:1)
  A quokka (D:2)
  A frilled lizard (D:3)
  6 kobolds
  8 rats
81 creatures vanquished.

Notes
Turn   | Place    | Note
-------+----------+-------------------------------------------
     0 | D:1      | HoaS the Demigod Hunter began the quest for the Orb.
     0 | D:1      | Reached XP level 1. HP: 17/17 MP: 3/3
    64 | D:1      | Reached skill level 4 in Ranged Weapons
    74 | D:1      | Reached XP level 2. HP: 24/24 MP: 4/4
   671 | D:1      | Reached XP level 3. HP: 29/29 MP: 5/5
  1106 | D:2      | Reached skill level 5 in Ranged Weapons
  1142 | D:2      | Identified the +1 pair of gloves "Waibiusch" {rPois rF+
                  | Dex-2}
  1617 | D:3      | Reached XP level 4. HP: 36/36 MP: 6/6
  2587 | D:4      | Noticed an ogre
  2612 | D:5      | Entered Level 5 of the Dungeon
  2806 | D:5      | Noticed a centaur
  2916 | D:5      | Reached skill level 6 in Ranged Weapons
  2964 | D:5      | Reached XP level 5. HP: 41/41 MP: 7/7
  3301 | D:5      | Found a staircase to the Ecumenical Temple.
  3566 | D:5      | Killed a centaur
  3567 | D:5      | Reached skill level 7 in Ranged Weapons
  3567 | D:5      | Reached XP level 6. HP: 13/48 MP: 2/8
  4045 | D:6      | Found Jiul's Book Boutique.
  4064 | D:6      | Noticed a water moccasin
  4205 | D:6      | Found Noqi's General Store.
  4354 | D:6      | Noticed a water moccasin
  4405 | D:6      | Noticed a steam dragon
  4409 | D:6      | Reached skill level 8 in Ranged Weapons
  4409 | D:6      | Reached XP level 7. HP: 51/53 MP: 7/9
  4416 | D:6      | HP: 2/53 [steam dragon] (7)]
  4416 | D:6      | Slain by a steam dragon

Illustrated notes

Levels and vault maps discovered:
D:1:      onia_arrival_mini_spirals, layout_loops_ring, roderic_roman_lattice
D:2:      layout_rooms
D:3:      layout_basic, nicolae_ru_path_of_blood, minmay_cupped
D:4:      layout_basic, mainiacjoe_overflow_alcove_2
D:5:      layout_loops_ring, fedhas_bush_and_centaur_altar,
          minmay_temple_entry_statues_pillars
D:6:      minmay_chambers_of_fours, layout_loops_ring, kiku_gazebo_pond_becter,
          serial_shops, shop, shop, shop, nicolae_shop_advertising_works
          [nicolae_subvault_shop_adworks], nicolae_shop_getting_attention,
          ebering_dispersal_statue_hall, palyth_stone_intersect,
          minmay_ruined_shrine

Skill      XL: |  1  2  3  4  5  6 |
---------------+-------------------+-----
Ranged Weapons | 4 5 6 7 8 |  8.1
Fighting       | |  1.7
Dodging        | |  1.7
Stealth        | |  0.8

Action                     |  1- 3 |  4- 6 |  7- 9 || total
---------------------------+-------+-------+-------++-------
   Fire: Shortbow          |   129 |   128 |     8 ||   265
    Use: Scroll            |     4 |     7 |       ||    11
         Potion            |       |     3 |       ||     3
 Armour: Leather armour    |    29 |    73 |    20 ||   122
  Dodge: Dodged            |    23 |    62 |     3 ||    88

Table legend: (Time is in decaauts)
 A = Elapsed time spent in this place.
 B = Non-inter-level travel time spent in this place.
 C = Inter-level travel time spent in this place.
 D = Time resting spent in this place.
 E = Time spent auto-exploring this place.
 F = Levels seen in this place.
 G = Mean time per level.
                   A        B        C        D        E       F      G
               +--------+--------+--------+--------+--------+-----+--------+
         Total |   4461 |   4286 |    175 |    595 |   3084 |   6 |  743.5 |
       Dungeon |   4461 |   4286 |    175 |    595 |   3084 |   6 |  743.5 |
               +--------+--------+--------+--------+--------+-----+--------+

Top non-repeatable levels by time:
     D:5: 1209 daAuts
     D:1: 934 daAuts
     D:4: 800 daAuts
     D:3: 653 daAuts
     D:2: 471 daAuts
     D:6: 391 daAuts
